 Dungeon Crawl Stone Soup version 0.30.0-30-g96aa6591b8 (webtiles) character file.

Game seed: 8067850388698342478

3357 croobank the Covert (level 10, 0/66 HPs)
             Began as an Octopode Fire Elementalist on June 27, 2023.
             Was an Initiate of Gozag.
             Slain by a gnoll sergeant
             ... wielding a +0 trident
              (12 damage)
             ... on level 7 of the Dungeon.
             The game lasted 00:32:05 (10714 turns).

croobank the Covert (Octopode Fire Elementalist)   Turns: 10714, Time: 00:32:05

Health: 0/66       AC:  1    Str:  8    XL:     10   Next: 3%
Magic:  15/26      EV: 15    Int: 22    God:    Gozag
Gold:   159        SH:  0    Dex: 12    Spells: 9/19 levels left

rFire   . . .        b - +0 dagger (venom)
rCold   . . .        (no shield)
rNeg    + . .        (helmet restricted)
rPois   .            (no amulet)
rElec   .            l - ring of positive energy
rCorr   +            z - ring of magical power
SInv    .            s - ring of resist corrosion
Will    .....        (no ring)
Stlth   +++++        (no ring)
HPRegen 0.31/turn    (no ring)
MPRegen 0.20/turn    (no ring)
                     (no ring)

%: no passive effects
@: gold aura
A: almost no armour, amphibious, 8 rings, camouflage 1, gelatinous body 1,
(nimble swimmer 1), tentacles
a: Renounce Religion, Potion Petition, Call Merchant, Bribe Branch


You were on level 7 of the Dungeon.
You worshipped Gozag.
Gozag was aware of your devotion.
You visited 1 branch of the dungeon, and saw 8 of its levels.

You collected 1083 gold pieces.
You spent 147 gold pieces at shops.
You paid 777 gold pieces to Gozag.

Inventory:

Hand Weapons
 a - a +0 heavy scimitar
 b - a +0 dagger of venom (weapon)
 d - a +2 short sword of protection
 j - the +3 whip "Pasmoog" {heavy, *Noise rElec rN+ Dex+4}
   (You found it on level 2 of the Dungeon)

   Dex:       It affects your dexterity (+4).
   rElec:     It insulates you from electricity.
   rN:        It protects you from negative energy.
   *Noise:    It may make noises in combat.
 r - a +2 dagger of draining
 t - a +2 flail of venom
 x - a +1 antimagic mace
 A - a +3 quarterstaff of chaos
 D - the +2 scimitar "Tomo" {antimagic, Will++}
   (You found it on level 6 of the Dungeon)

   Will:      It greatly increases your willpower.
Missiles
 g - a throwing net
 i - 3 javelins
 k - 8 poisoned darts
Magical Staves
 w - a staff of fire
 C - a staff of conjuration
Jewellery
 e - an amulet of reflection
 l - a ring of positive energy (left tentacle)
 m - a ring of fire
 o - a ring of fire
 s - a ring of resist corrosion (on tentacle)
 z - a ring of magical power (right tentacle)
Wands
 n - a wand of mindburst (5)
 p - a wand of polymorph (3)
 u - a wand of flame (12)
Scrolls
 h - a scroll of vulnerability
 v - a scroll of enchant weapon
 y - a scroll of amnesia
 E - a scroll of teleportation
Potions
 c - a potion of magic
 f - 5 potions of flight
 q - a potion of resistance
 B - 2 potions of curing


   Skills:
 + Level 5.0 Fighting
 + Level 5.6 Dodging
 + Level 8.0 Stealth
 + Level 5.1 Spellcasting
 + Level 5.3 Conjurations
 + Level 4.4 Hexes
 + Level 6.1 Fire Magic


You had 9 spell levels left.
You knew the following spells:

 Your Spells              Type           Power      Damage    Failure   Level
a - Foxfire               Conj/Fire      100%       2x1d9     1%          1
b - Scorch                Fire           64%        2d7       1%          2
c - Inner Flame           Hex/Fire       29%        N/A       3%          3
d - Flame Wave            Conj/Fire      30%        2d9       10%         4

Your spell library contained the following spells:

 Spells                   Type           Power      Damage    Failure   Level
 Volatile Blastmotes      Fire/Tloc      38%        2d13      9%          3
 Sticky Flame             Conj/Fire      30%        2d5       10%         4
 Borgnjor's Revivificati  Necr           2%         N/A       100%        8
 Necromutation            Tmut/Necr      2%         N/A       100%        8
 Death's Door             Necr           2%         N/A       100%        9


Dungeon Overview and Level Annotations

Branches:
Dungeon (8/15)             Temple (0/1) D:4
   Lair: D:8-11

Altars:
Gozag
Hepliaklqana
Ru
Vehumet
Yredelemnul

Shops:
D:7 *[

Annotations:
D:6 1 runed translucent door, bairyn's ghost, novice AtFi


Innate Abilities, Weirdness & Mutations

You cannot wear most types of armour.
You are amphibious.
You can wear up to eight rings at the same time.
Your skin changes colour to match your surroundings (Stealth+).
Your rubbery body absorbs attacks. (AC +1, EV +1)
((You are camouflaged when in or above water. (Stealth+)))
You have tentacles for arms and can constrict up to eight enemies at once.


Message History

The flame wave engulfs the gnoll sergeant.
The gnoll sergeant is lightly wounded.
The flame wave engulfs the gnoll!
The gnoll is severely wounded. (Press . to intensify the flame waves.)
The gnoll sergeant closely misses you. The gnoll hits you with a +0 halberd!
A wave of flame ripples out!
The flame wave engulfs the gnoll sergeant!
The gnoll sergeant is moderately wounded.
The flame wave engulfs the gnoll!
You kill the gnoll!
The gnoll sergeant hits you with a +0 trident!
A wave of flame ripples out!
The flame wave engulfs the gnoll sergeant.
The gnoll sergeant is moderately wounded.
You finish channelling waves of flame.
The gnoll sergeant hits you with a +0 trident!
* * * LOW HITPOINT WARNING * * *
Casting: Flame Wave (dangerous; 10% risk of failure)
Confirm with . or Enter, or press ? or * to list all spells.
Flames lash the gnoll sergeant.
The gnoll sergeant is severely wounded.
The gnoll sergeant's fire resistance burns away.
The gnoll sergeant hits you with a +0 trident!
* * * LOW HITPOINT WARNING * * *
Okay, then.
Okay, then.
You feel better.
The gnoll sergeant completely misses you.
Casting: Scorch (safe; 1% risk of failure)
Confirm with . or Enter, or press ? or * to list all spells.
Flames lash the gnoll sergeant.
The gnoll sergeant is severely wounded.
The gnoll sergeant completely misses you.
Casting: Scorch (safe; 1% risk of failure)
Confirm with . or Enter, or press ? or * to list all spells.
Flames lash the gnoll sergeant but do no damage.
The gnoll sergeant hits you with a +0 trident!
You die...
Your body crumbles into a pile of gold.

∩≈# #.### ≈≈# #...#
############# #...#
............###...#
###########.......#
####....# ##...#
#.))# #g@$# #.))#
#...# #####


You could see a gnoll sergeant (combustible).

Vanquished Creatures
  The ghost of Palms the Cudgeller, an amateur AtMo of the Shining One (D:4)
  Prince Ribbit (D:6)
  Eustachio (D:4)
  Menkaure (D:7)
  2 ice beasts (D:4)
  An orc warrior (D:5)
  A sky beast (D:6)
  2 ogres
  4 centaurs
  A phantom (D:7)
  A bullfrog (D:7)
  6 scorpions
  3 howler monkeys (D:7)
  A jelly (D:5)
  Crazy Yiuf (D:6)
  6 orc priests
  6 hounds
  Ijyb (D:3)
  Terence (D:3)
  An iguana (D:6)
  Natasha (twice) (D:3)
  10 orc wizards
  2 centaur simulacra (D:4)
  13 adders
  3 gnolls (D:7)
  A hound simulacrum (D:4)
  A shadow imp (D:7)
  A white imp (D:5)
  A howler monkey simulacrum (D:4)
  3 worms
  4 dart slugs
  3 adder simulacra (D:4)
  35 orcs
  3 ball pythons
  2 bats
  8 endoplasms
  A giant cockroach (D:3)
  8 goblins
  6 hobgoblins
  6 kobolds
  3 quokkas
  2 frilled lizards (D:2)
  4 rats
164 creatures vanquished.

Vanquished Creatures (collateral kills)
  An orc warrior (D:6)
1 creature vanquished.

Vanquished Creatures (others)
  329 foxfires
329 creatures vanquished.

Grand Total: 494 creatures vanquished

Notes
Turn   | Place    | Note
-------+----------+-------------------------------------------
     0 | D:1      | croobank the Octopode Fire Elementalist began the quest for
                  | the Orb.
     0 | D:1      | Reached XP level 1. HP: 11/11 MP: 3/3
   297 | D:1      | Reached XP level 2. HP: 17/17 MP: 3/5
   412 | D:1      | Reached skill level 3 in Stealth
   487 | D:1      | Learned a level 2 spell: Scorch
   896 | D:2      | Reached XP level 3. HP: 22/22 MP: 6/6
   900 | D:2      | Learned a level 3 spell: Inner Flame
  1015 | D:2      | Found a faded altar of an unknown god.
  1341 | D:2      | Identified the +3 whip "Pasmoog" {heavy, *Noise rElec rN+
                  | Dex+4}
  1496 | D:2      | Reached skill level 1 in Fighting
  1496 | D:2      | Reached XP level 4. HP: 28/28 MP: 2/7
  1575 | D:2      | You fall into a shaft and drop 2 floors!
  1631 | D:5      | Entered Level 5 of the Dungeon
  1866 | D:4      | Reached XP level 5. HP: 33/33 MP: 1/8
  1963 | D:4      | Reached skill level 4 in Stealth
  2057 | D:4      | Reached XP level 6. HP: 39/39 MP: 5/10
  2102 | D:4      | Found a basalt altar of Yredelemnul.
  2102 | D:4      | Found a radiant altar of Vehumet.
  2103 | D:4      | Found a hazy altar of Hepliaklqana.
  2104 | D:4      | Found a sacrificial altar of Ru.
  2110 | D:4      | Found an opulent altar of Gozag.
  2146 | D:4      | Became a worshipper of Gozag Ym Sagoz the Greedy
  2154 | D:4      | Noticed Eustachio
  2290 | D:3      | Noticed Terence
  2607 | D:3      | Noticed Ijyb
  2616 | D:3      | Killed Ijyb
  2767 | D:3      | Killed Terence
  3067 | D:3      | Noticed Natasha
  3074 | D:3      | Killed Natasha
  3131 | D:3      | Noticed Natasha
  3135 | D:3      | Killed Natasha
  3467 | D:4      | Found a staircase to the Ecumenical Temple.
  3621 | D:4      | Killed Eustachio
  3622 | D:4      | Reached skill level 1 in Hexes
  3622 | D:4      | Reached XP level 7. HP: 30/45 MP: 4/11
  4012 | D:4      | Found a runed translucent gate.
  4012 | D:4      | Found a runed translucent gate.
  4012 | D:4      | Found a runed translucent gate.
  4098 | D:4      | Reached skill level 5 in Stealth
  4133 | D:4      | Noticed Palms's ghost (amateur AtMo)
  4392 | D:4      | Killed Palms's ghost
  4393 | D:4      | Reached XP level 8. HP: 52/52 MP: 0/13
  5794 | D:5      | Reached skill level 6 in Stealth
  5983 | D:5      | Reached skill level 5 in Fire Magic
  6503 | D:5      | Reached XP level 9. HP: 58/58 MP: 10/15
  7722 | D:6      | Noticed Prince Ribbit
  7728 | D:6      | Killed Prince Ribbit
  7729 | D:6      | Reached skill level 5 in Dodging
  7729 | D:6      | Reached skill level 7 in Stealth
  8525 | D:6      | Found a runed translucent door.
  8525 | D:6      | Noticed bairyn's ghost (novice AtFi)
  8624 | D:6      | Found a runed translucent door.
  8625 | D:6      | Noticed Crazy Yiuf
  8631 | D:6      | Killed Crazy Yiuf
  9039 | D:6      | Identified the +2 scimitar "Tomo" {antimagic, Will++}
  9267 | D:6      | Reached skill level 5 in Conjurations
  9583 | D:7      | Found Bucs's Armour Shoppe.
  9631 | D:7      | Noticed Menkaure
  9639 | D:7      | Killed Menkaure
  9640 | D:7      | Reached skill level 5 in Spellcasting
  9869 | D:7      | Bought a scroll of identify for 60 gold pieces
  9869 | D:7      | Bought a scroll labelled UFISAUTUNGO for 30 gold pieces
  9869 | D:7      | Bought a bubbling puce potion for 27 gold pieces
  9869 | D:7      | Bought a scroll labelled ZESUROTITT for 30 gold pieces
 10441 | D:7      | Reached skill level 5 in Fighting
 10536 | D:7      | Reached skill level 8 in Stealth
 10555 | D:7      | Reached XP level 10. HP: 56/66 MP: 17/17
 10592 | D:7      | Learned a level 4 spell: Flame Wave
 10714 | D:7      | Slain by a gnoll sergeant

Illustrated notes

Levels and vault maps discovered:
D:1:      amcnicky_arrival_feature_with_door, layout_basic
D:2:      layout_loops_ring, shapermc_ecumenical_altar_gd
D:3:      layout_loops_ring, uniq_ijyb, uniq_natasha, uniq_terence
D:4:      layout_layer_cave, grunt_temple_overflow_open,
          minmay_temple_entry_glass, gammafunk_ghost_icy, uniq_eustachio
D:5:      layout_loops_cross, minmay_increasing_density
D:6:      layout_basic, ebering_ghost_sewer_d, chequers_serial_rivers_micro_b,
          uniq_prince_ribbit1, uniq_crazy_yiuf_cottage
D:7:      layout_rooms, serial_shops, nicolae_shop_tiny_waterfront,
          uniq_menkaure
D:8:      layout_loops_ring, hangedman_decor_growths, uniq_maggie

Skill      XL: |  1  2  3  4  5  6  7  8  9 |
---------------+----------------------------+-----
Stealth        | 3 4 5 6 8 |  8.0
Fighting       | 1 2 3 5 |  5.0
Conjurations   | 2 3 4 5 |  5.3
Dodging        | 3 4 5 |  5.6
Spellcasting   | 3 4 5 |  5.1
Fire Magic     | 4 5 6 |  6.1
Hexes          | 1 2 3 4 |  4.4

Action                     |  1- 3 |  4- 6 |  7- 9 | 10-12 || total
---------------------------+-------+-------+-------+-------++-------
  Melee: Short sword       |    13 |       |       |       ||    13
         Constrict         |     3 |     6 |     4 |       ||    13
         Tentacles         |     2 |     7 |     4 |       ||    13
         Whip              |     1 |    10 |    21 |       ||    32
         Dagger            |       |    15 |    13 |       ||    28
         Staff             |       |       |     1 |       ||     1
   Cast: Foxfire           |    26 |    37 |   120 |       ||   183
         Scorch            |     9 |    34 |   109 |    11 ||   163
         Inner Flame       |       |       |     6 |       ||     6
         Flame Wave        |       |       |       |     1 ||     1
 Invoke: Call Merchant     |       |       |     1 |       ||     1
  Evoke: Wand              |       |       |     1 |       ||     1
    Use: Potion            |       |     1 |    12 |     1 ||    14
         Scroll            |       |       |    16 |       ||    16
   Stab: Sleeping          |     8 |     4 |     8 |       ||    20
 Armour: Skin              |       |     1 |    21 |       ||    22
  Dodge: Dodged            |     6 |    19 |    86 |    25 ||   136
